Map: Blueshift LE

Players

Future - Winner!

  • Race: Terran Terran
  • League: Grandmaster
  • Spawn Location: 1:00

MaSa

  • Race: Terran Terran
  • League: Master
  • Spawn Location: 7:00

Event: Cheeseadelphia 8

VOD

Have the link to the VOD?

Description

Time

  • Played on: Dec. 9, 2018, 3:06 p.m.
  • Length: 14:31

All games in this series

Show
View Real Time Build Order
Export as new Build Order

Future Terran - Winner!

Build Orders:  

Get SALT Encoding   

  12  0:00  SCV  
  13  0:12  SCV  
  14  0:17  Supply Depot  
  14  0:24  SCV  
  15  0:29  Refinery  
  15  0:39  SCV  
  16  0:44  Barracks  
  16  0:51  SCV  
  16  0:56  Refinery  
  17  1:03  SCV  
  18  1:15  SCV  
  19  1:32  Factory, Orbital Command  
  19  1:34  Reaper  
  20  1:47  Supply Depot  
  20  1:58  SCV  
  21  2:06  Reaper  
  22  2:10  SCV  
  23  2:19  Hellion  
  23  2:22  SCV  
  26  2:29  Command Center  
  26  2:34  SCV  
  27  2:39  Reaper  
  27  2:41  Hellion  
  27  2:43  Supply Depot  
  30  2:48  SCV  
  31  2:56  Starport  
  31  3:03  Factory Tech Lab  
  31  3:05  SCV  
  32  3:11  Barracks Reactor  
  32  3:17  SCV  
  33  3:22  Supply Depot  
  33  3:23  Cyclone, Refinery  
  36  3:29  SCV  
  36  3:32  Starport Tech Lab  
  37  3:41  SCV, Orbital Command  
  37  3:47  Marine x2  
  40  3:52  Raven  
  40  3:53  SCV  
  43  4:05  SCV  
  43  4:07  SCV, Siege Tank  
  43  4:08  Marine x2  
  50  4:14  Supply Depot  
  50  4:17  SCV  
  50  4:19  SCV  
  52  4:26  Marine x2  
  52  4:29  SCV  
  54  4:31  SCV  
  53  4:42  SCV  
  53  4:43  SCV  
  51  4:46  Raven, Siege Tank  
  51  4:50  Marine x2  
  58  4:54  SCV  
  58  4:55  SCV  
  58  4:56  Supply Depot  
  58  5:06  SCV  
  59  5:07  SCV  
  59  5:08  Marine x2  
  59  5:11  Supply Depot  
  62  5:18  SCV  
  62  5:20  SCV, Siege Tank  
  67  5:30  SCV  
  67  5:32  SCV  
  67  5:38  Viking x2  
  67  5:42  SCV  
  71  5:49  SCV  
  72  5:52  Siege Tank  
  72  5:53  Marine  
  72  5:54  SCV  
  76  5:58  Supply Depot  
  76  6:03  SCV  
  77  6:06  SCV  
  77  6:08  Viking x2  
  82  6:16  Supply Depot  
  82  6:18  Refinery, Stimpack  
  82  6:19  Marine, SCV  
  82  6:25  Siege Tank  
  87  6:28  SCV  
  87  6:31  SCV  
  89  6:38  Viking  
  91  6:40  SCV  
  91  6:41  Supply Depot  
  91  6:42  Viking  
  91  6:43  SCV  
  95  6:52  SCV  
  96  6:55  SCV  
  96  6:57  Siege Tank  
  100  7:05  Marine  
  100  7:07  SCV  
  100  7:08  Engineering Bay x2  
  100  7:12  Viking, Command Center  
  102  7:25  Barracks x2, Marine, Viking  
  103  7:38  Siege Tank  
  103  7:42  SCV  
  100  7:51  Barracks  
  98  7:55  Marine  
  88  8:00  Viking x2  
  88  8:01  SCV  
  88  8:02  SCV  
  77  8:10  Siege Tank  
  77  8:13  SCV  
  77  8:14  Barracks, SCV  
  77  8:18  Terran Infantry Armor Level 1, Terran Infantry Weapons Level 1  
  77  8:20  Barracks Reactor  
  77  8:21  Barracks Reactor  
  77  8:27  SCV  
  77  8:28  SCV  
  77  8:31  Marine  
  77  8:33  Viking x2  
  84  8:35  Combat Shield  
  84  8:39  Barracks Reactor, SCV  
  85  8:43  SCV  
  85  8:48  Marine, Orbital Command  
  86  8:52  Siege Tank  
  86  8:53  SCV  
  86  8:55  Liberator, SCV  
  92  9:01  Refinery  
  91  9:06  SCV  
  91  9:07  SCV  
  91  9:09  Viking  
  97  9:11  Marine x2  
  97  9:15  SCV  
  101  9:18  SCV  
  101  9:19  SCV  
  101  9:20  Marine x2  
  101  9:21  Refinery, Marine  
  101  9:22  Barracks Reactor  
  105  9:27  SCV  
  105  9:28  Sensor Tower, Marine x2  
  105  9:30  Marine  
  105  9:31  Marine  
  111  9:35  Siege Tank  
  111  9:38  Marine x2  
  115  9:43  Supply Depot x2  
  115  9:44  Supply Depot, Marine  
  116  9:50  Armory  
  116  9:52  Viking  
  116  9:55  Viking, Marine  
  116  9:56  Marine x3  
  116  9:59  Marine  
  125  10:04  Marine x2  
  125  10:06  Supply Depot  
  127  10:07  Marine  
  127  10:09  Supply Depot  
  127  10:13  Marine  
  130  10:14  Marine x2  
  130  10:15  Marine  
  130  10:17  Marine  
  130  10:18  Siege Tank  
  136  10:24  Factory  
  136  10:27  Medivac  
  136  10:28  Medivac, Marine  
  138  10:29  Marine x2  
  138  10:30  Barracks Reactor  
  138  10:31  Marine  
  138  10:34  Marine  
  138  10:35  Marine  
  144  10:42  Marine  
  142  10:43  Marine  
  142  10:46  Marine x3  
  142  10:49  Marine  
  148  10:50  Siege Tank  
  148  10:52  Marine  
  148  10:55  Marine  
  153  11:00  Marine x2  
  151  11:04  Marine x3  
  154  11:13  Marine x2  
  154  11:14  Marine x3  
  154  11:15  Siege Tank  
  154  11:18  Marine  
  163  11:22  Siege Tank  
  165  11:29  Supply Depot x2  
  165  11:30  Supply Depot  
  165  11:31  Supply Depot x2  
  165  11:33  Command Center  
  165  11:34  Marine x2  
  165  11:36  Marine x5  
  162  11:42  Marine  
  162  11:43  Marine x2  
  148  11:47  Siege Tank  
  148  11:50  Liberator  
  148  11:52  Marine x2  
  145  11:54  Marine x4  
  145  11:56  Marine  
  145  11:58  Terran Infantry Weapons Level 2  
  150  12:05  Marine  
  151  12:12  Marine  
  151  12:14  Siege Tank  
  154  12:15  Marine  
  154  12:16  Marine  
  154  12:20  Marine x2  
  154  12:22  Siege Tank  
  147  12:26  Marine  
  147  12:27  Marine x3  
  147  12:28  Marine  
  146  12:31  Marine  
  141  12:40  Marine x2  
  141  12:43  Marine x2  
  130  12:44  Marine x2  
  130  12:45  Marine  
  129  13:00  Marine x5  
  129  13:01  Marine  
  129  13:03  Siege Tank x2  
  141  13:09  Refinery  
  141  13:10  Sensor Tower  
  141  13:12  Viking  
  143  13:17  Viking  
  145  13:21  Marine x3  
  144  13:31  Marine x5  
  142  13:35  Marine x2, Siege Tank  
  142  13:38  Marine  
  142  13:39  Planetary Fortress, Marine  
  148  13:43  Marine  
  141  13:48  Marine  
  141  13:49  Marine x2, SCV x2  
  141  13:50  SCV  
  147  14:01  SCV x2  
  147  14:02  Marine x2, SCV  
  155  14:13  SCV  
  155  14:15  SCV  
Show
View Real Time Build Order
Export as new Build Order

MaSa Terran 

Build Orders: 1/1/1, Banshee Rush 

Get SALT Encoding   

  12  0:00  SCV  
  13  0:12  SCV  
  14  0:16  Supply Depot  
  14  0:24  SCV  
  14  0:27  Refinery  
  15  0:38  SCV  
  16  0:44  Barracks  
  16  0:50  SCV  
  16  0:55  Refinery  
  17  1:02  SCV  
  18  1:14  SCV  
  19  1:31  Factory  
  19  1:33  Reaper  
  19  1:36  Orbital Command  
  20  1:50  Supply Depot  
  20  2:02  SCV  
  20  2:05  Reaper  
  22  2:15  Hellion  
  24  2:18  SCV  
  24  2:21  Starport  
  24  2:30  SCV  
  24  2:36  Hellion  
  27  2:38  Barracks Tech Lab  
  27  2:41  Supply Depot  
  27  2:46  SCV  
  28  2:58  SCV  
  28  3:02  Cloaking Field, Banshee  
  28  3:05  Barracks Reactor  
  32  3:06  Factory Tech Lab  
  32  3:11  SCV  
  33  3:23  Supply Depot, SCV  
  34  3:27  Cyclone  
  37  3:35  SCV  
  37  3:40  Supply Depot  
  38  3:42  Marine  
  38  3:44  Marine  
  40  3:54  Raven  
  40  3:55  SCV  
  43  4:09  Command Center  
  43  4:13  Marine x2  
  45  4:22  SCV  
  46  4:34  SCV  
  46  4:38  Banshee  
  47  4:45  Marine x2  
  49  4:47  SCV  
  49  4:49  Siege Tank  
  53  4:59  SCV  
  54  5:02  Supply Depot  
  54  5:05  Marine  
  55  5:10  Refinery  
  55  5:20  SCV  
  57  5:22  Orbital Command  
  55  5:33  SCV  
  53  5:44  Siege Tank  
  53  5:45  SCV  
  53  5:48  SCV  
  56  5:52  Command Center  
  56  5:56  Marine  
  57  5:57  SCV  
  57  6:00  SCV  
  59  6:04  Viking  
  59  6:09  Viking, SCV  
  64  6:14  Marine  
  64  6:16  Stimpack  
  65  6:18  SCV  
  65  6:23  Siege Tank  
  69  6:26  SCV  
  69  6:30  SCV  
  71  6:33  Refinery  
  71  6:37  Supply Depot  
  71  6:38  SCV  
  71  6:39  Viking  
  72  6:42  Viking  
  72  6:43  SCV  
  75  6:49  Supply Depot  
  75  6:50  SCV  
  76  6:58  SCV  
  74  7:07  Orbital Command  
  74  7:09  Viking, SCV  
  74  7:10  Marine, SCV  
  74  7:12  Viking  
  81  7:21  SCV  
  82  7:25  Barracks  
  82  7:26  Barracks  
  82  7:27  Siege Tank  
  82  7:28  Marine, SCV  
  83  7:40  Viking, SCV  
  81  7:45  SCV  
  81  7:46  SCV  
  83  7:52  SCV  
  83  7:58  Marine  
  79  8:00  SCV x2, Siege Tank  
  79  8:05  SCV  
  73  8:11  Engineering Bay x2  
  73  8:12  Medivac x2, Barracks Reactor  
  77  8:13  Barracks Reactor  
  77  8:15  Marine, SCV  
  77  8:16  SCV  
  80  8:21  Combat Shield  
  80  8:23  SCV  
  81  8:29  Orbital Command  
  81  8:30  Barracks, SCV  
  81  8:33  Barracks, Marine  
  84  8:39  Terran Infantry Armor Level 1, Terran Infantry Weapons Level 1  
  83  8:43  SCV  
  83  8:46  Medivac  
  83  8:47  Medivac  
  88  8:51  Marine  
  88  8:52  Marine x2  
  88  8:53  Marine x2  
  88  8:55  SCV x2  
  95  9:00  SCV  
  95  9:04  Refinery, Siege Tank  
  95  9:07  SCV x2  
  95  9:08  Refinery  
  95  9:09  Marine  
  100  9:10  Marine  
  100  9:12  Sensor Tower, SCV  
  100  9:15  Supply Depot x2, Marine  
  100  9:16  Marine  
  104  9:17  Marine  
  107  9:25  Barracks Reactor x2  
  107  9:27  Medivac, Marine  
  107  9:28  SCV  
  109  9:32  Supply Depot  
  109  9:36  Marine x4, SCV x2  
  115  9:39  Siege Tank  
  115  9:40  SCV  
  120  9:45  Supply Depot  
  120  9:48  Armory, SCV x2  
  121  9:54  Factory, Marine x4  
  121  9:57  Medivac  
  127  10:00  Barracks Reactor  
  127  10:04  Marine x3  
  127  10:05  Marine  
  127  10:06  Medivac  
  133  10:12  Supply Depot, Marine x4  
  133  10:13  Supply Depot  
  137  10:14  Siege Tank  
  140  10:22  Marine  
  140  10:24  Marine x3  
  141  10:33  Marine x4  
  144  10:37  Supply Depot x2, Command Center  
  144  10:38  Supply Depot  
  144  10:40  Marine  
  144  10:41  Marine x2  
  131  10:46  Marine  
  131  10:47  Marine x2, Siege Tank  
  131  10:49  Medivac  
  139  10:51  Marine x3  
  139  10:53  Siege Tank  
  139  10:55  Terran Infantry Armor Level 2  
  145  11:00  Terran Infantry Weapons Level 2  
  144  11:07  Marine x3  
  144  11:08  Marine x2  
  144  11:09  Terran Vehicle Weapons Level 1  
  144  11:10  Marine  
  150  11:16  Marine x2  
  153  11:19  Siege Tank  
  153  11:20  Marine x2  
  152  11:28  Viking x2  
  152  11:31  Marine x3  
  152  11:32  Marine  
  143  11:36  Marine  
  143  11:38  Marine  
  134  11:40  Marine x4  
  134  11:44  Siege Tank  
  112  11:49  Marine x4  
  112  11:51  Siege Tank  
  107  11:54  Marine  
  107  11:56  Marine  
  107  11:58  Medivac x2, Marine x2  
  115  12:07  Marine x4  
  117  12:11  Planetary Fortress  
  117  12:12  Marine x2  
  117  12:13  Marine  
  117  12:14  Marine  
  117  12:16  Marine  
  117  12:20  Marine  
  78  12:25  Marine x4  
  78  12:28  Medivac x2  
  74  12:30  Marine x2  
  74  12:36  Marine x2, Siege Tank  
  77  12:38  Orbital Command  
  77  12:39  Marine, SCV x2  
  77  12:43  Marine  
  77  12:46  Marine x2  
  77  12:48  SCV  
  80  12:51  SCV x2  
  80  12:55  Marine x2  
  84  13:00  Marine  
  85  13:08  SCV  
  85  13:09  Sensor Tower, SCV  
  87  13:15  Medivac, Marine  
  87  13:18  Marine x2  
  92  13:21  Marine  
  92  13:22  SCV  
  92  13:23  SCV  
  94  13:29  Marine x3  
  94  13:31  SCV  
  89  13:34  SCV  
  89  13:35  SCV  
  89  13:38  Orbital Command  
  89  13:40  Marine x5  
  94  13:45  Marine  
  94  13:46  Marine  
  85  13:50  SCV  
  85  13:52  SCV  
  86  13:57  Marine  
  86  13:58  Marine  
  87  14:08  SCV  
  87  14:11  Marine x2, SCV x2  
Tags
 
Add a new tag
Caveats
  • Supply blocks, unpowered buildings, or Contaminate may cause inaccurate times.
  • Supply counts are checked every 10 seconds.